 Dungeon Crawl Stone Soup version 0.27-a0-242-ge0fc76b88b (webtiles) character file.

Game seed: 6549208038527647166

28 lunkers the Gusty (level 2, 0/20 HPs)
             Began as a Demigod Air Elementalist on Feb 3, 2021.
             Succumbed to Terence's poison
             ... on level 1 of the Dungeon.
             The game lasted 00:03:01 (1560 turns).

lunkers the Gusty (Demigod Air Elementalist)        Turns: 1560, Time: 00:03:02

Health: 0/20       AC:  2    Str: 11    XL:     2   Next: 75%
Magic:  1/7        EV: 12    Int: 19    God:
Gold:   102        SH:  0    Dex: 16    Spells: 4/5 levels left

rFire    x . .     SeeInvis .   (no weapon)
rCold    + . .     Faith    .   (no shield)
rNeg     . . .     Spirit   .   a - +0 robe
rPois    .         Reflect  .   (no helmet)
rElec    .         Harm     .   (no cloak)
rCorr    .         Rampage  .   (no gloves)
Will     .....                  (no boots)
Stlth    ++........             (no amulet)
HPRegen  0.06/turn              f - ring of ice
MPRegen  0.10/turn              (no ring)

@: lethally poisoned (0 -> -26)
A: high mp 1
a: no special abilities


You were on level 1 of the Dungeon.
You visited 1 branch of the dungeon, and saw 2 of its levels.

You collected 102 gold pieces.

Inventory:

Armour
 a - a +0 robe (worn)
Jewellery
 c - a +6 ring of strength {unknown}
 f - a ring of ice (left hand)
Scrolls
 b - 2 scrolls of remove curse {unknown}
 e - 2 scrolls of identify {unknown}
 h - a scroll of blinking {unknown}
Potions
 d - a potion of mutation {unknown}
 g - a potion of cancellation {unknown}


   Skills:
 - Level 1.7 Dodging
 - Level 1.7 Stealth
 + Level 2.2 Spellcasting
 - Level 0.8 Conjurations
 * Level 3.4 Air Magic


You had 4 spell levels left.
You knew the following spells:

 Your Spells              Type           Power        Failure   Level
a - Shock                 Conj/Air       40%          7%          1

Your spell library contained the following spells:

 Spells                   Type           Power        Failure   Level
 Swiftness                Air            15%          6%          2
 Static Discharge         Conj/Air       10%          21%         3
 Airstrike                Air            7%           36%         4
 Lightning Bolt           Conj/Air       5%           88%         5


Dungeon Overview and Level Annotations

Branches:
Dungeon (2/15)

Annotations:
D:1 Terence


Innate Abilities, Weirdness & Mutations

You have an increased reservoir of magic. (+10% MP)


Message History

Press: ? - help, Shift-Dir - straight line The zap hits Terence but does no damage.
Terence is heavily wounded.
The zap misses Terence.
* * * LOW HITPOINT WARNING * * *
You feel sick.
Terence hits you with a +1 short sword of venom.
* * * LOW HITPOINT WARNING * * *
You are more poisoned.
Unknown command.
Casting: Shock (safe; 7% risk of failure)
Confirm with . or Enter, or press ? or * to list all spells.
Aiming: Shock (safe; 7% risk of failure)
Press: ? - help, Shift-Dir - straight line The zap hits Terence.
Terence is severely wounded.
The zap hits Terence but does no damage.
Terence is severely wounded.
* * * LOW MAGIC WARNING * * *
You die...

# #># #......# # #.# #.......
#.# #...#### #.# ##.## #
#.#### #.# # #....# #.# #
#### ####.# #.##### ...# #@#
#>.(... ##.# #@# #.#####
##.#############.##########.#
#...............(##.........#
.....##############.#########
......# #.# .....## #.#
#...######## ##.##
.....>.....## ##...##
....##.##...## ##.###.##


You could see Terence.

Vanquished Creatures
  2 dart slugs (D:1)
  3 giant cockroaches
  3 goblins
  A hobgoblin (D:2)
  2 kobolds
  3 bats
  7 frilled lizards
  4 rats
25 creatures vanquished.

Vanquished Creatures (others)
  A goblin (D:2)
1 creature vanquished.

Grand Total: 26 creatures vanquished

Notes
Turn   | Place    | Note
-------+----------+-------------------------------------------
     0 | D:1      | lunkers the Demigod Air Elementalist began the quest for
                  | the Orb.
     0 | D:1      | Reached XP level 1. HP: 14/14 MP: 5/5
   333 | D:1      | Reached skill level 3 in Air Magic
   727 | D:1      | Reached XP level 2. HP: 20/20 MP: 5/7
  1367 | D:2      | Noticed Terence
  1560 | D:1      | Succumbed to Terence's poison

Illustrated notes

Levels and vault maps discovered:
D:1:      sevenhm_arrival_forest_fort_large_4, layout_loops_ring
D:2:      layout_rooms, minmay_misc_feat_iff, uniq_terence

Skill      XL: |  1 |
---------------+----+-----
Air Magic      | 3 |  3.4
Spellcasting   | 2 |  2.2
Dodging        | |  1.7
Stealth        | |  1.7
Conjurations   | |  0.8

Action                   || total
-------------------------++-------
Melee: Unarmed           ||     4
 Cast: Shock             ||    61
Armor: Robe              ||     4
Dodge: Dodged            ||    14

Table legend: (Time is in decaauts)
 A = Elapsed time spent in this place.
 B = Non-inter-level travel time spent in this place.
 C = Inter-level travel time spent in this place.
 D = Time resting spent in this place.
 E = Time spent auto-exploring this place.
 F = Levels seen in this place.
 G = Mean time per level.
                   A        B        C        D        E       F      G
               +--------+--------+--------+--------+--------+-----+--------+
         Total |   1562 |   1481 |     81 |    263 |   1054 |   2 |  781.0 |
       Dungeon |   1562 |   1481 |     81 |    263 |   1054 |   2 |  781.0 |
               +--------+--------+--------+--------+--------+-----+--------+

Top non-repeatable levels by time:
     D:1: 1225 daAuts
     D:2: 337 daAuts
